Flames vs Flyers

Created - 22 février 2018 at 20:10

Goals
1 2 3 T
Flames 0 1 1 2
Flyers 0 2 1 3
Shots
1 2 3 T
Flames 10 18 15 43
Flyers 1 17 9 27

1st period

No Goal

Penalties :
Patrick Sharp (CAL) for Hooking (Minor) at 2:24, Matt Murray (PHI) for Slashing (Minor) at 6:17 - Vincent Trocheck served the penalty, Brad Richardson (CAL) for High sticking (Double Minor) at 8:56, Evgeni Malkin (PHI) for Hooking (Minor) at 17:22

2nd period

1. Flames , Victor Hedman 4 (Drew Doughty 20, Curtis McElhinney) at 3:48
2. Flyers , Vincent Trocheck 16 (Michael Matheson 11) at 4:51
3. Flyers , Charlie Coyle 6 (Casey Cizikas 10, Calle Jarnkrok 7) at 14:35

Penalties :
No Penalty

3rd period

4. Flames , David Perron 10 (Patrick Eaves 11, Henrik Sedin 21) at 1:59
5. Flyers , Justin Faulk 3 (Charlie Coyle 15) at 17:17

Penalties :
Justin Faulk (PHI) for Roughing (Minor) at 5:11, Brandon Carlo (PHI) for Charging (Minor) at 12:35

Goalie Stats

Curtis McElhinney (CAL), 24 saves from 27 shots - (0,889), L, 9-4-1, 59:17 minutes
Matt Murray (PHI), 41 saves from 43 shots - (0,953), W, 28-14-2, 60:00 minutes

Players Stats for Flames

Player Name              G  A  P  +/- PIM S  H  SB GA TA FO     MP     PP MP  PK MP  
------------------------------------------------------------------------------------
Anders Lee               0  0  0  -1  0   6  4  1  0  0  0/1    20:21   4:20   1:16 
Andrej Sustr             0  0  0  -1  0   4  1  0  0  0  0/0    16:08   0:00   3:04 
Brad Richardson          0  0  0   0  4   0  2  0  0  0  1/5     7:28   0:01   1:01 
David Perron             1  0  1   0  0   2  1  0  1  0  2/2    18:30   3:35   2:33 
David Savard             0  0  0  -1  0   3  2  1  1  0  0/0    19:02   2:37   2:30 
Drew Doughty             0  1  1   1  0   3  2  4  1  1  0/0    27:05   5:19   2:23 
Henrik Sedin             0  1  1   0  0   3  1  0  2  0  4/8    16:20   3:35   0:00 
Jeff Carter              0  0  0  -1  0   4  2  0  3  0  16/30  19:28   4:20   0:00 
Kevan Miller             0  0  0  -1  0   1  1  2  0  2  0/0    15:29   0:00   2:23 
Michael Frolik           0  0  0   0  0   3  0  0  0  0  0/2    15:10   0:01   2:32 
Nick Bjugstad            0  0  0   0  0   0  0  0  0  0  0/0     5:59   0:00   0:00 
Nick Holden              0  0  0  -1  0   1  0  1  0  1  0/0    16:45   2:37   1:05 
Patrick Eaves            0  1  1   0  0   1  1  0  1  1  0/1    17:43   3:35   0:30 
Patrick Sharp            0  0  0   0  2   1  2  0  0  0  0/0    13:19   0:01   0:48 
Pavel Zacha              0  0  0   0  0   1  0  0  0  0  0/0     8:21   0:00   2:22 
Sam Reinhart             0  0  0  -1  0   6  0  0  0  0  1/1    19:12   4:20   0:54 
Victor Hedman            1  0  1   1  0   1  1  0  1  0  0/0    25:31   5:19   0:31 
Victor Rask              0  0  0   0  0   3  1  0  0  0  6/14   12:09   0:00   0:00 

Players Stats for Flyers

Player Name              G  A  P  +/- PIM S  H  SB GA TA FO     MP     PP MP  PK MP  
------------------------------------------------------------------------------------
Brandon Carlo            0  0  0   0  2   0  1  3  0  1  0/0    19:34   0:16   3:10 
Brendan Perlini          0  0  0  -1  0   2  0  1  1  0  0/0     5:53   0:00   0:00 
Calle Jarnkrok           0  1  1   2  0   3  0  0  0  1  0/0    15:41   0:43   2:42 
Casey Cizikas            0  1  1   2  0   0  1  1  0  0  9/14   15:51   0:00   3:54 
Charlie Coyle            1  1  2   2  0   1  1  0  1  0  1/1    12:40   0:43   0:00 
Darnell Nurse            0  0  0   0  0   0  0  2  0  0  0/0    15:05   0:36   1:21 
Elias Lindholm           0  0  0   1  0   3  4  1  1  0  1/5    19:51   2:23   4:02 
Evgeni Malkin            0  0  0  -1  2   1  1  1  0  0  10/24  17:25   2:52   0:00 
Filip Forsberg           0  0  0  -1  0   1  0  0  0  1  0/0    18:12   2:52   0:00 
Ivan Barbashev           0  0  0  -1  0   0  0  0  0  0  1/2     5:53   0:00   0:00 
Justin Faulk             1  0  1   0  2   1  0  3  0  1  0/0    21:44   2:55   3:31 
Leon Draisaitl           0  0  0   1  0   3  1  0  0  0  2/2    17:53   2:23   2:53 
Michael Matheson         0  1  1   0  0   1  2  1  0  0  0/0    18:51   2:19   3:09 
P.K. Subban              0  0  0   1  0   2  3  1  0  1  0/0    21:43   3:03   1:32 
Patrick Kane             0  0  0  -1  0   4  2  1  1  1  0/0    17:16   2:52   0:00 
TJ Brodie                0  0  0   1  0   0  1  1  0  2  0/0    23:10   2:47   3:09 
Travis Konecny           0  0  0  -1  0   2  0  0  1  1  0/1     7:44   0:43   1:01 
Vincent Trocheck         1  0  1   1  0   3  1  0  0  1  10/15  17:35   2:23   1:20 

3 Stars

1 - Matt Murray (PHI)
2 - Charlie Coyle (PHI)
3 - Vincent Trocheck (PHI)

Power Play

Flames - 0 on 4 Attempt(s) - 0,00%
Flyers - 0 on 3 Attempt(s) - 0,00%

Penalty Kill

Flames - 3 on 3 Attempt(s) - 100,00% - Score 0 goal in Penalty Kill
Flyers - 4 on 4 Attempt(s) - 100,00% - Score 0 goal in Penalty Kill

Team Stat

Flames - Hits : 21 - Faceoff Wins : 30 - Blocked Shots : 9 - Penalty Minutes : 6
Flyers - Hits : 18 - Faceoff Wins : 34 - Blocked Shots : 16 - Penalty Minutes : 8

Official

Referees : Francis Charron and Mike Hasenfratz
Linesman : Lonnie Cameron and Greg Devorski

Game Notes

No Game Note

Finance

Level 1 -- Attendance: 6000 (100,00%) -- Ticket Income 570 000 $
Level 2 -- Attendance: 4878 (97,56%) -- Ticket Income 263 412 $
Level 3 -- Attendance: 2000 (100,00%) -- Ticket Income 66 000 $
Level 4 -- Attendance: 3649 (91,23%) -- Ticket Income 80 278 $
Luxury Box -- Attendance: 996 (99,60%) -- Ticket Income 164 340 $
Game was played at the Spectrum.
Total Attendance: 17523 (97,35%)
Total Ticket Income: 1 144 030 $
Other Income: 560 575 $
Total Income: 1 704 605 $

Flames

5 vs 5 Forward 
   Center                   Left Wing                Right Wing               Time % Phy DF OF 
 1 Jeff Carter              Anders Lee               Sam Reinhart             35     0   1  4  
 2 Henrik Sedin             Patrick Eaves            David Perron             31     0   2  3  
 3 Victor Rask              Patrick Sharp            Michael Frolik           27     0   2  3  
 4 Brad Richardson          Pavel Zacha              Nick Bjugstad            7      1   3  1  

5 vs 5 Defense 
   Defense                  Defense                                           Time % Phy DF OF 
 1 Drew Doughty             Victor Hedman                                     38     0   3  2  
 2 David Savard             Andrej Sustr                                      30     0   3  2  
 3 Kevan Miller             Nick Holden                                       27     0   4  1  
 4 Drew Doughty             Victor Hedman                                     5      0   2  3  

PowerPlay Forward 
   Center                   Left Wing                Right Wing               Time % Phy DF OF 
 1 Jeff Carter              Anders Lee               Sam Reinhart             60     0   0  5  
 2 Henrik Sedin             Patrick Eaves            David Perron             40     0   0  5  

PowerPlay Defense
   Defense                  Defense                                           Time % Phy DF OF 
 1 Victor Hedman            Drew Doughty                                      65     0   1  4  
 2 Nick Holden              David Savard                                      35     0   1  4  

Penalty Kill 4 Players Forward 
   Center                   Wing                     Time % Phy DF OF 
 1 Brad Richardson          Michael Frolik           60     0   4  1  
 2 Pavel Zacha              Patrick Sharp            40     0   4  1  

Penalty Kill 4 Players Defense
   Defense                  Defense                  Time % Phy DF OF 
 1 David Savard             Andrej Sustr             60     1   4  0  
 2 Kevan Miller             Drew Doughty             40     1   4  0  

Penalty Kill - 3 Players Forward 
   Forward                                           Time % Phy DF OF 
 1 Brad Richardson                                   60     0   5  0  
 2 Michael Frolik                                    40     0   5  0  

Penalty Kill - 3 Players Defense
   Defense                  Defense                  Time % Phy DF OF 
 1 Andrej Sustr             David Savard             60     0   5  0  
 2 Nick Holden              Kevan Miller             40     0   5  0  

4 vs 4 Forward 
   Center                   Wing                     Time % Phy DF OF 
 1 Jeff Carter              Anders Lee               60     0   1  4  
 2 Victor Rask              Michael Frolik           40     0   1  4  

4 vs 4 Defense
   Defense                  Defense                  Time % Phy DF OF 
 1 Drew Doughty             Victor Hedman            60     0   3  2  
 2 Nick Holden              David Savard             40     0   3  2  

Last Minutes Offensive
   Center                   Left Wing                Right Wing               Defense                  Defense                  
   Jeff Carter              Anders Lee               Patrick Eaves            Drew Doughty             Victor Hedman            

Last Minutes Defensive
   Center                   Left Wing                Right Wing               Defense                  Defense                  
   Brad Richardson          David Perron             Michael Frolik           Drew Doughty             David Savard             

Goaltenders
Starting : Curtis McElhinney        
Backup : Carey Price              

Extra Forwards
Normal : Jeff Carter, David Perron, Anders Lee - PP : Patrick Eaves, Michael Frolik - PK : David Perron
Extra Defensemen
Normal : Drew Doughty, David Savard, Victor Hedman - PP : Andrej Sustr - PK : Nick Holden, Victor Hedman
Penalty Shots
David Perron, Sam Reinhart, Patrick Eaves, Nick Bjugstad, Patrick Sharp
Custom OT Lines Forwards
Jeff Carter, Anders Lee, Sam Reinhart, Michael Frolik, Victor Rask, David Perron, Patrick Eaves, Brad Richardson, Patrick Sharp, Nick Bjugstad
Custom OT Lines Defensemen
Drew Doughty, Victor Hedman, Nick Holden, Andrej Sustr, Kevan Miller

Scratches
Brandon Manning (Healthy), Dennis Rasmussen (Healthy)

Flyers

5 vs 5 Forward 
   Center                   Left Wing                Right Wing               Time % Phy DF OF 
 1 Evgeni Malkin            Patrick Kane             Filip Forsberg           33     0   3  2  
 2 Vincent Trocheck         Leon Draisaitl           Elias Lindholm           30     0   1  4  
 3 Casey Cizikas            Calle Jarnkrok           Charlie Coyle            27     0   3  2  
 4 Ivan Barbashev           Brendan Perlini          Travis Konecny           10     0   4  1  

5 vs 5 Defense 
   Defense                  Defense                                           Time % Phy DF OF 
 1 P.K. Subban              TJ Brodie                                         37     0   4  1  
 2 Justin Faulk             Brandon Carlo                                     34     0   4  1  
 3 Darnell Nurse            Michael Matheson                                  29     0   4  1  
 4 P.K. Subban              Michael Matheson                                  0      1   2  2  

PowerPlay Forward 
   Center                   Left Wing                Right Wing               Time % Phy DF OF 
 1 Evgeni Malkin            Patrick Kane             Filip Forsberg           60     0   0  5  
 2 Vincent Trocheck         Leon Draisaitl           Elias Lindholm           40     0   0  5  

PowerPlay Defense
   Defense                  Defense                                           Time % Phy DF OF 
 1 P.K. Subban              TJ Brodie                                         60     0   1  4  
 2 Justin Faulk             Michael Matheson                                  40     0   1  4  

Penalty Kill 4 Players Forward 
   Center                   Wing                     Time % Phy DF OF 
 1 Elias Lindholm           Casey Cizikas            60     0   5  0  
 2 Vincent Trocheck         Calle Jarnkrok           40     0   5  0  

Penalty Kill 4 Players Defense
   Defense                  Defense                  Time % Phy DF OF 
 1 Justin Faulk             Brandon Carlo            60     0   5  0  
 2 TJ Brodie                Michael Matheson         40     0   5  0  

Penalty Kill - 3 Players Forward 
   Forward                                           Time % Phy DF OF 
 1 Casey Cizikas                                     60     0   5  0  
 2 Calle Jarnkrok                                    40     0   5  0  

Penalty Kill - 3 Players Defense
   Defense                  Defense                  Time % Phy DF OF 
 1 Justin Faulk             Brandon Carlo            60     0   5  0  
 2 TJ Brodie                Michael Matheson         40     0   5  0  

4 vs 4 Forward 
   Center                   Wing                     Time % Phy DF OF 
 1 Evgeni Malkin            Patrick Kane             60     0   4  1  
 2 Vincent Trocheck         Leon Draisaitl           40     0   4  1  

4 vs 4 Defense
   Defense                  Defense                  Time % Phy DF OF 
 1 P.K. Subban              TJ Brodie                60     0   4  1  
 2 Justin Faulk             Brandon Carlo            40     0   4  1  

Last Minutes Offensive
   Center                   Left Wing                Right Wing               Defense                  Defense                  
   Evgeni Malkin            Patrick Kane             Vincent Trocheck         P.K. Subban              Justin Faulk             

Last Minutes Defensive
   Center                   Left Wing                Right Wing               Defense                  Defense                  
   Elias Lindholm           Filip Forsberg           Vincent Trocheck         P.K. Subban              Brandon Carlo            

Goaltenders
Starting : Matt Murray              
Backup : Tristan Jarry            

Extra Forwards
Normal : Elias Lindholm, Calle Jarnkrok, Travis Konecny - PP : Charlie Coyle, Calle Jarnkrok - PK : Calle Jarnkrok
Extra Defensemen
Normal : Michael Matheson, Darnell Nurse, Justin Faulk - PP : Darnell Nurse - PK : P.K. Subban, Justin Faulk
Penalty Shots
Evgeni Malkin, Patrick Kane, Vincent Trocheck, Leon Draisaitl, Filip Forsberg
Custom OT Lines Forwards
Evgeni Malkin, Patrick Kane, Vincent Trocheck, Leon Draisaitl, Filip Forsberg, Elias Lindholm, Calle Jarnkrok, Charlie Coyle, Brendan Perlini, Travis Konecny
Custom OT Lines Defensemen
P.K. Subban, TJ Brodie, Justin Faulk, Michael Matheson, Brandon Carlo

Scratches
Artturi Lehkonen (Healthy), Borna Rendulic (Healthy)

% Time on Ice - Flames

Lines # - Real PCT - Wanted PCT - Time Play
Normal Forward
1 - 32% - 35% - 14:20
2 - 28% - 31% - 12:45
3 - 27% - 27% - 12:09
4 - 13% - 7% - 5:59
Normal Defense
1 - 40% - 38% - 18:12
2 - 31% - 30% - 14:13
3 - 28% - 27% - 12:48
4 - 0% - 5% - 0:00
PP Forward
1 - 55% - 60% - 4:21
2 - 45% - 40% - 3:35
PP Defense
1 - 67% - 65% - 5:19
2 - 33% - 35% - 2:37
PK Forward
1 - 75% - 60% - 4:28
2 - 25% - 40% - 1:30
PK Defense
1 - 60% - 60% - 3:35
2 - 40% - 40% - 2:23
PK3 Forward
1 - 0% - 60%
2 - 0% - 40%
PK3 Defense
1 - 0% - 60%
2 - 0% - 40%
44 Forward
1 - 0% - 60%
2 - 0% - 40%
44 Defense
1 - 0% - 60%
2 - 0% - 40%
Last Minute Offensive  - 0:53
Last Minute Defensive  - 0:00
Total
Forward - 60:00
Defense - 60:00

% Time on Ice - Flyers

Lines # - Real PCT - Wanted PCT - Time Play
Normal Forward
1 - 32% - 33% - 14:31
2 - 28% - 30% - 12:49
3 - 26% - 27% - 11:57
4 - 13% - 10% - 5:53
Normal Defense
1 - 39% - 37% - 17:34
2 - 33% - 34% - 15:03
3 - 28% - 29% - 12:33
4 - 0% - 0% - 0:00
PP Forward
1 - 60% - 60% - 3:35
2 - 40% - 40% - 2:23
PP Defense
1 - 51% - 60% - 3:03
2 - 49% - 40% - 2:55
PK Forward
1 - 74% - 60% - 5:50
2 - 26% - 40% - 2:06
PK Defense
1 - 60% - 60% - 4:47
2 - 40% - 40% - 3:09
PK3 Forward
1 - 0% - 60%
2 - 0% - 40%
PK3 Defense
1 - 0% - 60%
2 - 0% - 40%
44 Forward
1 - 0% - 60%
2 - 0% - 40%
44 Defense
1 - 0% - 60%
2 - 0% - 40%
Last Minute Offensive  - 0:00
Last Minute Defensive  - 0:56
Total
Forward - 60:00
Defense - 60:00

Play by Play

1st period


0:01 of 1st period - Jeff Carter wins face-off versus Evgeni Malkin in neutral zone.
0:13 of 1st period - Backhand shot by Patrick Kane.
0:13 of 1st period - Shot Blocked by Drew Doughty.
0:15 of 1st period - Slapshot by P.K. Subban.
0:15 of 1st period - Shot Blocked by Anders Lee.
0:50 of 1st period - Wrist shot by David Perron.
0:50 of 1st period - Shot Blocked by Brandon Carlo.
0:52 of 1st period - Slapshot by Victor Rask.
0:52 of 1st period - Shot Blocked by Brandon Carlo.
0:54 of 1st period - Wrist shot by Michael Frolik.
0:54 of 1st period - Shot Blocked by Casey Cizikas.
1:16 of 1st period - Michael Matheson is hit by Brad Richardson and loses puck.
2:24 of 1st period - Minor Penalty to Patrick Sharp for Hooking.
2:25 of 1st period - Evgeni Malkin wins face-off versus Brad Richardson in Flames zone.
2:25 of 1st period - Snap shot by Patrick Kane.
2:25 of 1st period - Shot Misses the Net.
2:27 of 1st period - Wrist shot by P.K. Subban.
2:27 of 1st period - Deflect By Patrick Kane.
2:27 of 1st period - Deflect By Drew Doughty.
2:27 of 1st period - Shot Blocked by Kevan Miller.
2:27 of 1st period - Puck is out of play.
2:28 of 1st period - Evgeni Malkin wins face-off versus Brad Richardson in Flames zone.
2:37 of 1st period - Michael Frolik is hit by P.K. Subban and loses puck.
4:24 of 1st period - Penalty to Patrick Sharp is over, Patrick Sharp is back on ice.
4:35 of 1st period - Wrist shot by Michael Frolik.
4:35 of 1st period - Deflect By Calle Jarnkrok.
4:35 of 1st period - Stopped by Matt Murray without a rebound.
4:36 of 1st period - Jeff Carter wins face-off versus Casey Cizikas in Flyers zone.
4:39 of 1st period - Wrist shot by Anders Lee.
4:39 of 1st period - Stopped by Matt Murray without a rebound.
4:40 of 1st period - Jeff Carter wins face-off versus Casey Cizikas in Flyers zone.
4:43 of 1st period - Snap shot by Anders Lee.
4:43 of 1st period - Deflect By Jeff Carter.
4:43 of 1st period - Shot Blocked by P.K. Subban.
4:43 of 1st period - Puck is out of play.
4:44 of 1st period - Jeff Carter wins face-off versus Vincent Trocheck in Flyers zone.
5:18 of 1st period - Slapshot by Patrick Kane.
5:18 of 1st period - Stopped by Curtis McElhinney with a rebound.
6:17 of 1st period - Slapshot by Anders Lee.
6:17 of 1st period - Stopped by Matt Murray without a rebound.
6:17 of 1st period - Minor Penalty to Matt Murray for Slashing.
6:18 of 1st period - Jeff Carter wins face-off versus Elias Lindholm in Flyers zone.
6:19 of 1st period - Backhand shot by Anders Lee.
6:19 of 1st period - Shot Misses the Net.
6:29 of 1st period - Snap shot by Jeff Carter.
6:29 of 1st period - Shot Misses the Net.
8:17 of 1st period - Penalty to Vincent Trocheck is over, Vincent Trocheck is back on ice.
8:27 of 1st period - Andrej Sustr is hit by TJ Brodie and loses puck.
8:36 of 1st period - Michael Matheson is hit by Victor Rask and loses puck.
8:56 of 1st period - Double Minor Penalty to Brad Richardson for High sticking.
8:57 of 1st period - David Perron wins face-off versus Evgeni Malkin in Flames zone.
10:11 of 1st period - Evgeni Malkin is hit by Drew Doughty and loses puck.
11:44 of 1st period - Patrick Kane is hit by Andrej Sustr and loses puck.
12:56 of 1st period - Penalty to Brad Richardson is over, Brad Richardson is back on ice.
13:44 of 1st period - Snap shot by Pavel Zacha.
13:44 of 1st period - Shot Misses the Net.
14:11 of 1st period - Brandon Carlo is hit by Anders Lee and loses puck.
14:53 of 1st period - Leon Draisaitl is hit by David Perron and loses puck.
14:59 of 1st period - Icing by Elias Lindholm.
15:00 of 1st period - Vincent Trocheck wins face-off versus Jeff Carter in Flyers zone.
15:00 of 1st period - Vincent Trocheck is hit by Jeff Carter.
15:35 of 1st period - Wrist shot by Michael Frolik.
15:35 of 1st period - Stopped by Matt Murray with a rebound.
15:56 of 1st period - Snap shot by Sam Reinhart.
15:56 of 1st period - Shot Blocked by Justin Faulk.
16:00 of 1st period - Wrist shot by Jeff Carter.
16:00 of 1st period - Shot Misses the Net.
16:02 of 1st period - Snap shot by Andrej Sustr.
16:02 of 1st period - Deflect By Travis Konecny.
16:02 of 1st period - Stopped by Matt Murray with a rebound.
16:04 of 1st period - Wrist shot by Anders Lee.
16:04 of 1st period - Stopped by Matt Murray with a rebound.
16:33 of 1st period - Icing by Kevan Miller.
16:34 of 1st period - Evgeni Malkin wins face-off versus Brad Richardson in Flames zone.
16:37 of 1st period - Wrist shot by Evgeni Malkin.
16:37 of 1st period - Shot Misses the Net.
16:39 of 1st period - Slapshot by Michael Matheson.
16:39 of 1st period - Shot Misses the Net.
16:41 of 1st period - Slapshot by Darnell Nurse.
16:41 of 1st period - Deflect By Patrick Kane.
16:41 of 1st period - Shot Misses the Net.
16:41 of 1st period - Puck is out of play.
16:42 of 1st period - Jeff Carter wins face-off versus Evgeni Malkin in Flames zone.
16:47 of 1st period - Snap shot by Jeff Carter.
16:47 of 1st period - Stopped by Matt Murray with a rebound.
16:55 of 1st period - Snap shot by Jeff Carter.
16:55 of 1st period - Stopped by Matt Murray without a rebound.
16:56 of 1st period - Evgeni Malkin wins face-off versus Jeff Carter in Flyers zone.
17:09 of 1st period - Snap shot by Sam Reinhart.
17:09 of 1st period - Stopped by Matt Murray with a rebound.
17:11 of 1st period - Slapshot by Drew Doughty.
17:11 of 1st period - Shot Blocked by Patrick Kane.
17:22 of 1st period - Minor Penalty to Evgeni Malkin for Hooking.
17:23 of 1st period - Elias Lindholm wins face-off versus Jeff Carter in Flyers zone.
17:38 of 1st period - Elias Lindholm is hit by Jeff Carter and loses puck.
19:22 of 1st period - Penalty to Evgeni Malkin is over, Evgeni Malkin is back on ice.
19:26 of 1st period - Vincent Trocheck is hit by David Savard and loses puck.
19:31 of 1st period - Wrist shot by Michael Frolik.
19:31 of 1st period - Deflect By Patrick Sharp.
19:31 of 1st period - Shot Misses the Net.
19:31 of 1st period - Puck is out of play.
19:32 of 1st period - Victor Rask wins face-off versus Evgeni Malkin in Flyers zone.
19:35 of 1st period - Snap shot by Victor Rask.
19:35 of 1st period - Stopped by Matt Murray with a rebound.
19:43 of 1st period - Slapshot by Victor Rask.
19:43 of 1st period - Shot Blocked by TJ Brodie.
19:45 of 1st period - Slapshot by David Savard.
19:45 of 1st period - Shot Misses the Net.
19:47 of 1st period - Wrist shot by Victor Rask.
19:47 of 1st period - Shot Misses the Net.
Goals for this period are 0 for Flames vs 0 for Flyers.
Shots for this period are 10 for Flames vs 1 for Flyers.

2nd period


0:01 of 2nd period - Jeff Carter wins face-off versus Vincent Trocheck in neutral zone.
0:06 of 2nd period - Slapshot by Anders Lee.
0:06 of 2nd period - Stopped by Matt Murray with a rebound.
0:55 of 2nd period - Snap shot by Calle Jarnkrok.
0:55 of 2nd period - Shot Hit the Post.
0:57 of 2nd period - Wrist shot by Calle Jarnkrok.
0:57 of 2nd period - Shot Misses the Net.
1:08 of 2nd period - Off-side.
1:09 of 2nd period - Ivan Barbashev wins face-off versus Brad Richardson in neutral zone.
1:16 of 2nd period - Snap shot by Brendan Perlini.
1:16 of 2nd period - Shot Misses the Net.
1:18 of 2nd period - Snap shot by Brendan Perlini.
1:18 of 2nd period - Stopped by Curtis McElhinney without a rebound.
1:19 of 2nd period - Vincent Trocheck wins face-off versus Anders Lee in Flames zone.
1:20 of 2nd period - Slapshot by Elias Lindholm.
1:20 of 2nd period - Deflect By Vincent Trocheck.
1:20 of 2nd period - Shot Misses the Net.
1:20 of 2nd period - Puck is out of play.
1:21 of 2nd period - Vincent Trocheck wins face-off versus Jeff Carter in Flames zone.
2:02 of 2nd period - Patrick Eaves is hit by Patrick Kane and loses puck.
2:24 of 2nd period - Slapshot by Henrik Sedin.
2:24 of 2nd period - Stopped by Matt Murray with a rebound.
2:26 of 2nd period - Slapshot by David Savard.
2:26 of 2nd period - Stopped by Matt Murray with a rebound.
2:34 of 2nd period - Wrist shot by Henrik Sedin.
2:34 of 2nd period - Stopped by Matt Murray with a rebound.
2:36 of 2nd period - Wrist shot by David Perron.
2:36 of 2nd period - Shot Misses the Net.
2:38 of 2nd period - Slapshot by Andrej Sustr.
2:38 of 2nd period - Shot Blocked by Evgeni Malkin.
2:48 of 2nd period - Wrist shot by David Perron.
2:48 of 2nd period - Shot Misses the Net.
2:50 of 2nd period - Slapshot by David Savard.
2:50 of 2nd period - Stopped by Matt Murray without a rebound.
2:51 of 2nd period - Jeff Carter wins face-off versus Vincent Trocheck in Flyers zone.
2:52 of 2nd period - Backhand shot by Drew Doughty.
2:52 of 2nd period - Shot Misses the Net.
2:54 of 2nd period - Slapshot by Victor Hedman.
2:54 of 2nd period - Deflect By Jeff Carter.
2:54 of 2nd period - Stopped by Matt Murray with a rebound.
2:56 of 2nd period - Slapshot by Drew Doughty.
2:56 of 2nd period - Stopped by Matt Murray without a rebound.
2:57 of 2nd period - Vincent Trocheck wins face-off versus Jeff Carter in Flyers zone.
3:32 of 2nd period - Snap shot by Charlie Coyle.
3:32 of 2nd period - Shot Blocked by Drew Doughty.
3:46 of 2nd period - Slapshot by Drew Doughty.
3:46 of 2nd period - Stopped by Matt Murray with a rebound.
3:48 of 2nd period - Slapshot by Victor Hedman.
3:48 of 2nd period - Goal by Victor Hedman - Flames : 1 - Flyers : 0.
3:49 of 2nd period - Vincent Trocheck wins face-off versus Jeff Carter in neutral zone.
4:01 of 2nd period - Slapshot by Michael Matheson.
4:01 of 2nd period - Stopped by Curtis McElhinney without a rebound.
4:02 of 2nd period - Jeff Carter wins face-off versus Casey Cizikas in Flames zone.
4:12 of 2nd period - Off-side.
4:13 of 2nd period - Vincent Trocheck wins face-off versus Jeff Carter in neutral zone.
4:16 of 2nd period - Slapshot by Michael Matheson.
4:16 of 2nd period - Shot Blocked by Drew Doughty.
4:46 of 2nd period - David Perron is hit by Elias Lindholm and loses puck.
4:51 of 2nd period - Snap shot by Vincent Trocheck.
4:51 of 2nd period - Goal by Vincent Trocheck - Flames : 1 - Flyers : 1.
4:52 of 2nd period - Casey Cizikas wins face-off versus Jeff Carter in neutral zone.
5:03 of 2nd period - Snap shot by Charlie Coyle.
5:03 of 2nd period - Shot Misses the Net.
5:47 of 2nd period - Slapshot by P.K. Subban.
5:47 of 2nd period - Stopped by Curtis McElhinney without a rebound.
5:48 of 2nd period - Casey Cizikas wins face-off versus Jeff Carter in Flames zone.
6:16 of 2nd period - Slapshot by Henrik Sedin.
6:16 of 2nd period - Shot Misses the Net.
6:28 of 2nd period - Wrist shot by Calle Jarnkrok.
6:28 of 2nd period - Stopped by Curtis McElhinney without a rebound.
6:29 of 2nd period - Victor Rask wins face-off versus Evgeni Malkin in Flames zone.
6:56 of 2nd period - Andrej Sustr is hit by Michael Matheson and loses puck.
7:54 of 2nd period - Calle Jarnkrok is hit by Patrick Sharp and loses puck.
8:31 of 2nd period - Off-side.
8:32 of 2nd period - Jeff Carter wins face-off versus Evgeni Malkin in neutral zone.
8:34 of 2nd period - Off-side.
8:35 of 2nd period - Evgeni Malkin wins face-off versus Jeff Carter in neutral zone.
8:44 of 2nd period - Wrist shot by Patrick Kane.
8:44 of 2nd period - Stopped by Curtis McElhinney without a rebound.
8:45 of 2nd period - Vincent Trocheck wins face-off versus Henrik Sedin in Flames zone.
8:46 of 2nd period - Snap shot by Leon Draisaitl.
8:46 of 2nd period - Stopped by Curtis McElhinney with a rebound.
8:48 of 2nd period - Slapshot by TJ Brodie.
8:48 of 2nd period - Shot Misses the Net.
8:50 of 2nd period - Wrist shot by Vincent Trocheck.
8:50 of 2nd period - Shot Misses the Net.
8:52 of 2nd period - Snap shot by Elias Lindholm.
8:52 of 2nd period - Stopped by Curtis McElhinney without a rebound.
8:53 of 2nd period - Vincent Trocheck wins face-off versus Henrik Sedin in Flames zone.
9:08 of 2nd period - TJ Brodie is hit by Drew Doughty and loses puck.
9:34 of 2nd period - Icing by David Perron.
9:35 of 2nd period - Henrik Sedin wins face-off versus Evgeni Malkin in Flames zone.
10:25 of 2nd period - Slapshot by Travis Konecny.
10:25 of 2nd period - Shot Hit the Post.
10:45 of 2nd period - Slapshot by Vincent Trocheck.
10:45 of 2nd period - Stopped by Curtis McElhinney without a rebound.
10:46 of 2nd period - Brad Richardson wins face-off versus Vincent Trocheck in Flames zone.
10:53 of 2nd period - Backhand shot by Andrej Sustr.
10:53 of 2nd period - Stopped by Matt Murray with a rebound.
10:59 of 2nd period - Slapshot by Elias Lindholm.
10:59 of 2nd period - Deflect By David Savard.
10:59 of 2nd period - Stopped by Curtis McElhinney without a rebound.
11:00 of 2nd period - Jeff Carter wins face-off versus Evgeni Malkin in Flames zone.
11:00 of 2nd period - Jeff Carter is hit by Evgeni Malkin.
11:13 of 2nd period - Slapshot by Sam Reinhart.
11:13 of 2nd period - Stopped by Matt Murray without a rebound.
11:14 of 2nd period - Casey Cizikas wins face-off versus Michael Frolik in Flyers zone.
11:50 of 2nd period - Sam Reinhart is hit by P.K. Subban and loses puck.
12:03 of 2nd period - Henrik Sedin is hit by Elias Lindholm and loses puck.
12:14 of 2nd period - Snap shot by Leon Draisaitl.
12:14 of 2nd period - Stopped by Curtis McElhinney with a rebound.
12:24 of 2nd period - Charlie Coyle is hit by Brad Richardson and loses puck.
12:53 of 2nd period - Michael Matheson is hit by Patrick Sharp and loses puck.
13:10 of 2nd period - Slapshot by Sam Reinhart.
13:10 of 2nd period - Stopped by Matt Murray with a rebound.
13:12 of 2nd period - Slapshot by Andrej Sustr.
13:12 of 2nd period - Stopped by Matt Murray without a rebound.
13:13 of 2nd period - Jeff Carter wins face-off versus Evgeni Malkin in Flyers zone.
13:27 of 2nd period - Off-side.
13:28 of 2nd period - Casey Cizikas wins face-off versus Victor Rask in neutral zone.
14:35 of 2nd period - Snap shot by Charlie Coyle.
14:35 of 2nd period - Goal by Charlie Coyle - Flames : 1 - Flyers : 2.
14:36 of 2nd period - Jeff Carter wins face-off versus Evgeni Malkin in neutral zone.
14:43 of 2nd period - Wrist shot by Anders Lee.
14:43 of 2nd period - Shot Misses the Net.
15:14 of 2nd period - Snap shot by Victor Rask.
15:14 of 2nd period - Deflect By Patrick Sharp.
15:14 of 2nd period - Shot Misses the Net.
15:14 of 2nd period - Puck is out of play.
15:15 of 2nd period - Henrik Sedin wins face-off versus Evgeni Malkin in Flyers zone.
15:28 of 2nd period - Wrist shot by Filip Forsberg.
15:28 of 2nd period - Stopped by Curtis McElhinney with a rebound.
15:30 of 2nd period - Snap shot by Patrick Kane.
15:30 of 2nd period - Shot Blocked by Kevan Miller.
15:32 of 2nd period - Backhand shot by P.K. Subban.
15:32 of 2nd period - Stopped by Curtis McElhinney without a rebound.
15:33 of 2nd period - Sam Reinhart wins face-off versus Vincent Trocheck in Flames zone.
15:38 of 2nd period - Slapshot by Drew Doughty.
15:38 of 2nd period - Shot Misses the Net.
15:44 of 2nd period - Snap shot by Sam Reinhart.
15:44 of 2nd period - Stopped by Matt Murray with a rebound.
15:46 of 2nd period - Snap shot by Anders Lee.
15:46 of 2nd period - Stopped by Matt Murray with a rebound.
15:48 of 2nd period - Wrist shot by Jeff Carter.
15:48 of 2nd period - Stopped by Matt Murray with a rebound.
18:19 of 2nd period - Snap shot by Drew Doughty.
18:19 of 2nd period - Shot Blocked by Justin Faulk.
18:21 of 2nd period - Wrist shot by Drew Doughty.
18:21 of 2nd period - Stopped by Matt Murray with a rebound.
18:23 of 2nd period - Wrist shot by Brad Richardson.
18:23 of 2nd period - Deflect By Pavel Zacha.
18:23 of 2nd period - Deflect By Evgeni Malkin.
18:23 of 2nd period - Stopped by Matt Murray without a rebound.
18:24 of 2nd period - Leon Draisaitl wins face-off versus Jeff Carter in Flyers zone.
18:35 of 2nd period - Snap shot by Elias Lindholm.
18:35 of 2nd period - Stopped by Curtis McElhinney with a rebound.
18:41 of 2nd period - Snap shot by Leon Draisaitl.
18:41 of 2nd period - Shot Misses the Net.
19:19 of 2nd period - Wrist shot by Travis Konecny.
19:19 of 2nd period - Stopped by Curtis McElhinney without a rebound.
19:20 of 2nd period - Vincent Trocheck wins face-off versus Jeff Carter in Flames zone.
19:56 of 2nd period - Snap shot by Patrick Kane.
19:56 of 2nd period - Stopped by Curtis McElhinney without a rebound.
19:57 of 2nd period - Victor Rask wins face-off versus Casey Cizikas in Flames zone.
Goals for this period are 1 for Flames vs 2 for Flyers.
Shots for this period are 18 for Flames vs 17 for Flyers.

3rd period


0:01 of 3rd period - Evgeni Malkin wins face-off versus Victor Rask in neutral zone.
0:12 of 3rd period - Wrist shot by Victor Rask.
0:12 of 3rd period - Stopped by Matt Murray without a rebound.
0:13 of 3rd period - Vincent Trocheck wins face-off versus Patrick Eaves in Flyers zone.
0:13 of 3rd period - Vincent Trocheck is hit by David Savard.
0:23 of 3rd period - Elias Lindholm is hit by Henrik Sedin and loses puck.
0:32 of 3rd period - David Savard is hit by Leon Draisaitl and loses puck.
0:54 of 3rd period - Off-side.
0:55 of 3rd period - Victor Rask wins face-off versus Casey Cizikas in neutral zone.
1:24 of 3rd period - P.K. Subban is hit by Victor Hedman and loses puck.
1:33 of 3rd period - Snap shot by Leon Draisaitl.
1:33 of 3rd period - Shot Misses the Net.
1:35 of 3rd period - Slapshot by Elias Lindholm.
1:35 of 3rd period - Shot Blocked by Drew Doughty.
1:37 of 3rd period - Snap shot by Leon Draisaitl.
1:37 of 3rd period - Stopped by Curtis McElhinney with a rebound.
1:39 of 3rd period - Wrist shot by Elias Lindholm.
1:39 of 3rd period - Shot Misses the Net.
1:55 of 3rd period - Slapshot by Patrick Eaves.
1:55 of 3rd period - Stopped by Matt Murray with a rebound.
1:57 of 3rd period - Wrist shot by Patrick Eaves.
1:57 of 3rd period - Shot Misses the Net.
1:59 of 3rd period - Wrist shot by David Perron.
1:59 of 3rd period - Goal by David Perron - Flames : 2 - Flyers : 2.
2:00 of 3rd period - Victor Rask wins face-off versus Evgeni Malkin in neutral zone.
2:51 of 3rd period - Snap shot by Anders Lee.
2:51 of 3rd period - Stopped by Matt Murray with a rebound.
2:53 of 3rd period - Snap shot by Sam Reinhart.
2:53 of 3rd period - Stopped by Matt Murray with a rebound.
2:55 of 3rd period - Slapshot by Sam Reinhart.
2:55 of 3rd period - Shot Misses the Net.
2:57 of 3rd period - Slapshot by Kevan Miller.
2:57 of 3rd period - Stopped by Matt Murray without a rebound.
2:58 of 3rd period - Evgeni Malkin wins face-off versus Henrik Sedin in Flyers zone.
3:07 of 3rd period - Henrik Sedin is hit by Patrick Kane.
3:25 of 3rd period - Leon Draisaitl is hit by Kevan Miller and loses puck.
4:21 of 3rd period - Wrist shot by Victor Rask.
4:21 of 3rd period - Stopped by Matt Murray with a rebound.
4:41 of 3rd period - Wrist shot by Patrick Kane.
4:41 of 3rd period - Stopped by Curtis McElhinney with a rebound.
5:02 of 3rd period - Snap shot by Sam Reinhart.
5:02 of 3rd period - Stopped by Matt Murray without a rebound.
5:03 of 3rd period - Casey Cizikas wins face-off versus Jeff Carter in Flyers zone.
5:11 of 3rd period - Minor Penalty to Justin Faulk for Roughing.
5:12 of 3rd period - Jeff Carter wins face-off versus Elias Lindholm in Flyers zone.
5:13 of 3rd period - Slapshot by Drew Doughty.
5:13 of 3rd period - Shot Blocked by Darnell Nurse.
5:15 of 3rd period - Backhand shot by Victor Hedman.
5:15 of 3rd period - Shot Blocked by Darnell Nurse.
5:17 of 3rd period - Wrist shot by Jeff Carter.
5:17 of 3rd period - Shot Misses the Net.
5:23 of 3rd period - Snap shot by Jeff Carter.
5:23 of 3rd period - Shot Misses the Net.
5:37 of 3rd period - Brandon Carlo is hit by Patrick Eaves and loses puck.
5:46 of 3rd period - Snap shot by Henrik Sedin.
5:46 of 3rd period - Shot Blocked by Brandon Carlo.
7:11 of 3rd period - Penalty to Justin Faulk is over, Justin Faulk is back on ice.
7:19 of 3rd period - Slapshot by Victor Rask.
7:19 of 3rd period - Deflect By Michael Frolik.
7:19 of 3rd period - Shot Misses the Net.
7:19 of 3rd period - Puck is out of play.
7:20 of 3rd period - Evgeni Malkin wins face-off versus Michael Frolik in Flyers zone.
7:41 of 3rd period - Slapshot by Michael Frolik.
7:41 of 3rd period - Stopped by Matt Murray with a rebound.
7:43 of 3rd period - Snap shot by Nick Holden.
7:43 of 3rd period - Stopped by Matt Murray without a rebound.
7:44 of 3rd period - Henrik Sedin wins face-off versus Ivan Barbashev in Flyers zone.
7:47 of 3rd period - Snap shot by David Perron.
7:47 of 3rd period - Shot Blocked by Brendan Perlini.
7:49 of 3rd period - Slapshot by Andrej Sustr.
7:49 of 3rd period - Stopped by Matt Murray without a rebound.
7:50 of 3rd period - David Perron wins face-off versus Evgeni Malkin in Flyers zone.
7:51 of 3rd period - Wrist shot by Henrik Sedin.
7:51 of 3rd period - Stopped by Matt Murray with a rebound.
8:29 of 3rd period - Jeff Carter is hit by Casey Cizikas and loses puck.
8:44 of 3rd period - Wrist shot by Michael Frolik.
8:44 of 3rd period - Shot Blocked by Elias Lindholm.
8:46 of 3rd period - Snap shot by Michael Frolik.
8:46 of 3rd period - Shot Misses the Net.
8:48 of 3rd period - Slapshot by David Savard.
8:48 of 3rd period - Stopped by Matt Murray without a rebound.
8:49 of 3rd period - Evgeni Malkin wins face-off versus Henrik Sedin in Flyers zone.
9:14 of 3rd period - Anders Lee is hit by Brandon Carlo and loses puck.
9:27 of 3rd period - Slapshot by Calle Jarnkrok.
9:27 of 3rd period - Stopped by Curtis McElhinney with a rebound.
9:43 of 3rd period - Victor Rask is hit by Elias Lindholm and loses puck.
10:12 of 3rd period - Wrist shot by Brad Richardson.
10:12 of 3rd period - Shot Misses the Net.
10:28 of 3rd period - Wrist shot by David Perron.
10:28 of 3rd period - Stopped by Matt Murray without a rebound.
10:29 of 3rd period - Henrik Sedin wins face-off versus Evgeni Malkin in Flyers zone.
10:30 of 3rd period - Snap shot by David Perron.
10:30 of 3rd period - Shot Misses the Net.
11:28 of 3rd period - Wrist shot by Brendan Perlini.
11:28 of 3rd period - Stopped by Curtis McElhinney with a rebound.
11:30 of 3rd period - Slapshot by Ivan Barbashev.
11:30 of 3rd period - Shot Misses the Net.
11:40 of 3rd period - Wrist shot by Evgeni Malkin.
11:40 of 3rd period - Shot Blocked by Nick Holden.
12:20 of 3rd period - Brendan Perlini is hit by Anders Lee and loses puck.
12:32 of 3rd period - Off-side.
12:33 of 3rd period - Leon Draisaitl wins face-off versus Victor Rask in neutral zone.
12:35 of 3rd period - Minor Penalty to Brandon Carlo for Charging.
12:36 of 3rd period - Jeff Carter wins face-off versus Elias Lindholm in Flyers zone.
13:28 of 3rd period - Sam Reinhart is hit by Michael Matheson and loses puck.
14:17 of 3rd period - Leon Draisaitl is hit by Anders Lee and loses puck.
14:35 of 3rd period - Penalty to Brandon Carlo is over, Brandon Carlo is back on ice.
14:48 of 3rd period - Wrist shot by Evgeni Malkin.
14:48 of 3rd period - Stopped by Curtis McElhinney without a rebound.
14:49 of 3rd period - Evgeni Malkin wins face-off versus Victor Rask in Flames zone.
15:14 of 3rd period - Brad Richardson is hit by P.K. Subban and loses puck.
15:20 of 3rd period - Off-side.
15:21 of 3rd period - Victor Rask wins face-off versus Travis Konecny in neutral zone.
15:26 of 3rd period - Wrist shot by Michael Frolik.
15:26 of 3rd period - Shot Misses the Net.
15:32 of 3rd period - Snap shot by Darnell Nurse.
15:32 of 3rd period - Shot Blocked by David Savard.
15:36 of 3rd period - Snap shot by Travis Konecny.
15:36 of 3rd period - Stopped by Curtis McElhinney without a rebound.
15:37 of 3rd period - Casey Cizikas wins face-off versus Jeff Carter in Flames zone.
15:38 of 3rd period - Snap shot by Charlie Coyle.
15:38 of 3rd period - Shot Misses the Net.
16:57 of 3rd period - Snap shot by Leon Draisaitl.
16:57 of 3rd period - Shot Misses the Net.
17:17 of 3rd period - Slapshot by Justin Faulk.
17:17 of 3rd period - Goal by Justin Faulk - Flames : 2 - Flyers : 3.
17:18 of 3rd period - Casey Cizikas wins face-off versus Victor Rask in neutral zone.
17:23 of 3rd period - Drew Doughty is hit by Charlie Coyle and loses puck.
17:30 of 3rd period - Snap shot by Calle Jarnkrok.
17:30 of 3rd period - Stopped by Curtis McElhinney without a rebound.
17:31 of 3rd period - Casey Cizikas wins face-off versus Victor Rask in Flames zone.
17:58 of 3rd period - Patrick Kane is hit by Anders Lee and loses puck.
18:29 of 3rd period - Snap shot by Vincent Trocheck.
18:29 of 3rd period - Stopped by Curtis McElhinney without a rebound.
18:30 of 3rd period - Charlie Coyle wins face-off versus Victor Rask in Flames zone.
18:39 of 3rd period - Snap shot by Victor Hedman.
18:39 of 3rd period - Shot Blocked by Michael Matheson.
18:41 of 3rd period - Snap shot by Patrick Sharp.
18:41 of 3rd period - Stopped by Matt Murray without a rebound.
18:42 of 3rd period - Casey Cizikas wins face-off versus Victor Rask in Flyers zone.
19:10 of 3rd period - Jeff Carter is hit by Vincent Trocheck and loses puck.
19:17 of 3rd period - Flames, Curtis McElhinney is pulled from the net.
19:27 of 3rd period - Victor Hedman is hit by Elias Lindholm and loses puck.
19:34 of 3rd period - Slapshot by Drew Doughty.
19:34 of 3rd period - Deflect By Jeff Carter.
19:34 of 3rd period - Shot Blocked by Justin Faulk.
19:34 of 3rd period - Puck is out of play.
19:35 of 3rd period - Mike Sullivan call a timeout for Flames.
19:35 of 3rd period - Jeff Carter wins face-off versus Elias Lindholm in Flyers zone.
Goals for this period are 1 for Flames vs 1 for Flyers.
Shots for this period are 15 for Flames vs 9 for Flyers.